 Dungeon Crawl Stone Soup version 0.22.1-2-g9c5b331 (webtiles) character file.

1548 AndBlue the Protected (level 8, -2/63 HPs)
             Began as a Minotaur Fighter on Dec 20, 2018.
             Was an Initiate of Hepliaklqana.
             Shot with an arrow by a centaur (4 damage)
             ... on level 6 of the Dungeon.
             The game lasted 00:40:13 (4604 turns).

AndBlue the Protected (Minotaur Fighter)            Turns: 4604, Time: 00:40:13

Health: -2/63      AC: 12    Str: 23    XL:     8   Next: 57%
Magic:  7/7        EV:  7    Int: 14    God:    Hepliaklqana [......]
Gold:   331        SH: 11    Dex: 13    Spells: 6/7 levels left

rFire    . . .     SeeInvis .   a - +0 war axe
rCold    . . .     Gourm    .   c - +0 shield
rNeg     . . .     Faith    .   o - +0 chain mail {rPois}
rPois    +         Spirit   .   (helmet restricted)
rElec    .         Reflect  .   (no cloak)
rCorr    .         Harm     +   (no gloves)
MR       .....     Rnd*Tele +   n - +0 pair of boots
Stlth    ..........             k - amulet of Due Proportion {Harm *Drain Int+4 Dex+3}
HPRegen  0.20/turn              l - ring of teleportation (curse)
MPRegen  0.10/turn              (no ring)

@: brilliant
A: retaliatory headbutt, reduced essence, horns 2
a: Recall Ancestor, Ancestor Identity, Renounce Religion


You were on level 6 of the Dungeon.
You worshipped Hepliaklqana.
Hepliaklqana was noncommittal.
You were not hungry.

You visited 1 branch of the dungeon, and saw 6 of its levels.

You collected 331 gold pieces.

Inventory:

Hand Weapons
 a - a +0 war axe (weapon)
 g - a +1 short sword of electrocution
 h - a +0 hunting sling
 B - a +0 shortbow
 C - a +0 halberd
 E - a +0 giant spiked club
Missiles
 e - 171 stones (quivered)
 u - 7 tomahawks
 x - 34 arrows
 y - 22 poisoned needles
Armour
 c - a +0 shield (worn)
 n - a +0 pair of boots (worn)
 o - a +0 chain mail of poison resistance (worn)
Jewellery
 k - the amulet of Due Proportion (around neck) {Harm *Drain Int+4 Dex+3}
   (You found it on level 4 of the Dungeon)

   [amulet of harm]

   It increases damage dealt and taken.
   It affects your intelligence (+4).
   It affects your dexterity (+3).
   It causes draining when unequipped.
 l - a cursed ring of teleportation (left hand)
 v - a +5 ring of intelligence {unknown}
Wands
 t - a wand of iceblast (10)
Scrolls
 b - a scroll of blinking
 i - 3 scrolls of amnesia {unknown}
 j - 3 scrolls of identify
 q - a scroll of random uselessness {unknown}
 r - a scroll of enchant armour {unknown}
 s - a scroll of remove curse {unknown}
 z - a scroll of vulnerability {unknown}
 A - a scroll of teleportation {unknown}
Potions
 d - a potion of might
 m - a potion of heal wounds {unknown}
 p - a potion of brilliance
 w - a potion of curing {unknown}
 D - a potion of flight {unknown}
Comestibles
 f - 8 rations
 F - a chunk of flesh


   Skills:
 + Level 5.8 Fighting
 + Level 8.0 Axes
 + Level 8.1 Armour
 + Level 2.0 Dodging
 + Level 0.2 Stealth
 + Level 6.4 Shields


You had 6 spell levels left.
You knew the following spells:

 Your Spells              Type           Power        Failure   Level  Hunger
a - Summon Small Mammal   Summ           #...         45%         1    ##.....

Your spell library contained the following spells:

 Spells                   Type           Power        Failure   Level  Hunger
 Call Imp                 Summ           #.......     56%         2    ###....
 Call Canine Familiar     Summ           #.......     77%         3    ####...
 Summon Guardian Golem    Hex/Summ       #.......     77%         3    ####...
 Summon Ice Beast         Ice/Summ       #.......     98%         4    #####..
 Summon Lightning Spire   Summ/Air       #.......     98%         4    #####..


Dungeon Overview and Level Annotations

Branches:
Dungeon (6/15)             Temple (0/1) D:5

Altars:
Elyvilon
Hepliaklqana
Wu Jian


Innate Abilities, Weirdness & Mutations

You reflexively headbutt those who attack you in melee.
You have a pair of horns on your head.
Your life essence is reduced to manifest your ancestor. (-10% HP)


Message History

You barely miss the centaur. The centaur hits you.
* * * LOW HITPOINT WARNING * * *
You block the centaur's attack.
The centaur wields an uncursed shortbow of freezing.
It is covered in frost.
The centaur shoots an arrow.
The arrow hits you.
* * * LOW HITPOINT WARNING * * *
The arrow freezes you.
* * * LOW HITPOINT WARNING * * *
You see here an arrow.
The centaur shoots an arrow.
The arrow closely misses you.
A centaur is nearby!
The centaur shoots an arrow.
The arrow hits you but does no damage.
You see here an arrow.
The centaur shoots an arrow.
The arrow hits you but does no damage.
You see here 2 arrows.
The centaur shoots an arrow.
You block the arrow.
The centaur shoots an arrow.
You block the arrow.
You see here an arrow.
The centaur shoots an arrow.
The arrow hits you.
You die...

..........
.........
#......)# ####)#
#..).# #.##†####
#...c#..####.
####'#.......
#@(...#
..###(....+
#.....(....#
8..8#
#.####.....#
#...#
#..........#
....#
#.#############
....#
#.............#
.n..#
#########..###.#
....#
#....#.......#.#


You could see a centaur.

Vanquished Creatures
  An ice beast (D:5)
  A sky beast (D:5)
  A phantom (D:4)
  2 ogres (D:6)
  A centaur (D:5)
  A bullfrog (D:6)
  2 howler monkeys
  A crimson imp (D:5)
  A centaur zombie (D:6)
  4 hounds
  3 orc priests
  7 orc wizards
  Jessica (D:3)
  A worker ant zombie (D:6)
  7 gnolls
  6 adders
  An ooze (D:2)
  A worm (D:3)
  A dart slug (D:3)
  2 leopard geckos
  20 orcs
  4 giant cockroaches
  7 goblins
  3 hobgoblins (D:3)
  3 jackals (D:3)
  5 kobolds
  4 quokkas
  3 bats
  A frilled lizard (D:4)
  3 rats
98 creatures vanquished.

Vanquished Creatures (collateral kills)
  A black bear (D:6)
  An orc priest (D:5)
  2 orc wizards (D:6)
  A gnoll (D:5)
5 creatures vanquished.

Vanquished Creatures (others)
  An ancestor (D:6)
1 creature vanquished.

Grand Total: 104 creatures vanquished

Notes
Turn   | Place    | Note
-------+----------+-------------------------------------------
     0 | D:1      | AndBlue the Minotaur Fighter began the quest for the Orb.
     0 | D:1      | Reached XP level 1. HP: 19/19 MP: 0/0
   177 | D:1      | Reached XP level 2. HP: 27/27 MP: 1/1
   396 | D:3      | Reached XP level 3. HP: 33/33 MP: 2/2
   688 | D:3      | Reached XP level 4. HP: 38/40 MP: 3/3
   936 | D:3      | Reached XP level 5. HP: 45/47 MP: 4/4
  1038 | D:3      | Noticed Jessica
  1040 | D:3      | Killed Jessica
  1040 | D:3      | Reached skill level 5 in Axes
  1127 | D:3      | Reached skill level 5 in Armour
  1713 | D:4      | Reached XP level 6. HP: 44/53 MP: 5/5
  1727 | D:4      | Found a white marble altar of Elyvilon.
  1853 | D:4      | Got a brightly glowing emerald amulet
  1901 | D:5      | Entered Level 5 of the Dungeon
  2145 | D:5      | Noticed an ice beast
  2163 | D:5      | Killed an ice beast
  2219 | D:4      | Reached skill level 5 in Shields
  2290 | D:4      | Learned a level 1 spell: Summon Small Mammal
  2401 | D:4      | Reached XP level 7. HP: 56/60 MP: 6/6
  2561 | D:4      | Reached skill level 5 in Fighting
  2859 | D:5      | Found an ornate altar of the Wu Jian Council.
  3038 | D:4      | Found a hazy altar of Hepliaklqana.
  3050 | D:4      | Became a worshipper of Hepliaklqana the Forgotten
  3433 | D:5      | Reached skill level 1 in Dodging
  3523 | D:5      | Found a staircase to the Ecumenical Temple.
  3581 | D:5      | Identified the amulet of Due Proportion {Harm *Drain Int+4
                  | Dex+3} (You found it on level 4 of the Dungeon)
  3647 | D:5      | HP: 2/54 [centaur (1)]
  4208 | D:5      | Reached XP level 8. HP: 42/61 MP: 7/7
  4596 | D:6      | HP: 2/63 [centaur (3)]
  4604 | D:6      | Shot with an arrow by a centaur

Skill      XL: |  1  2  3  4  5  6  7  8 |
---------------+-------------------------+-----
Axes           | 3 4 5 6 7 8 |  8.0
Fighting       | 4 5 |  5.8
Armour         | 4 5 7 8 |  8.1
Shields        | 4 5 6 |  6.4
Dodging        | 1 2 |  2.0
Stealth        | |  0.2

Action                   |  1- 3 |  4- 6 |  7- 9 || total
-------------------------+-------+-------+-------++-------
Melee: War axe           |    41 |   131 |    97 ||   269
       Headbutt          |     5 |    23 |    31 ||    59
       Hunting sling     |       |       |    19 ||    19
Invok: Recall Ancestor   |       |       |     1 ||     1
       Ancestor Identity |       |       |     1 ||     1
  Use: Scroll            |       |       |     1 ||     1
       Potion            |       |       |     1 ||     1
  Eat: Chunk             |       |     4 |     5 ||     9
       Ration            |       |       |     1 ||     1
Armor: Scale mail        |    19 |       |       ||    19
       Chain mail        |     2 |    95 |    71 ||   168
Dodge: Dodged            |    14 |    31 |    30 ||    75
Block: Shield            |    25 |    90 |    75 ||   190
